 Dungeon Crawl Stone Soup version 0.25-a0-549-g6e6e6501ad (webtiles) character file.

Game seed: 14414783237243729872, levelgen mode: deterministic

552 Emblim88 the Agent of Entropy (level 7, -7/55 HPs)
             Began as a Demonspawn Abyssal Knight on Feb 23, 2020.
             Was a Priest of Lugonu.
             Splashed by Pikel's acid (11 damage)
             ... on level 5 of the Dungeon.
             The game lasted 00:08:10 (5231 turns).

Emblim88 the Agent of Entropy (DsAK)                Turns: 5231, Time: 00:08:11

Health: -7/55      AC:  9    Str: 14    XL:     7   Next: 8%
Magic:  10/10      EV: 11    Int: 14    God:    Lugonu [***...]
Gold:   255        SH:  0    Dex: 12    Spells: 6/6 levels left

rFire    . . .     SeeInvis .   a - +1 falchion
rCold    . . .     Gourm    .   (no shield)
rNeg     . . .     Faith    .   e - +0 ring mail
rPois    .         Spirit   .   (helmet restricted)
rElec    .         Reflect  .   (no cloak)
rCorr    .         Harm     .   f - +0 pair of gloves
MR       .....                  j - +1 pair of boots
Stlth    +.........             (no amulet)
HPRegen  0.18/turn              i - ring of flight
MPRegen  0.12/turn              (no ring)

@: no status effects
A: hooves 1, horns 1, demonic guardian 1, rot immunity
a: Depart the Abyss, Bend Space, Banish, Renounce Religion, Evoke Flight


You were on level 5 of the Dungeon.
You worshipped Lugonu.
Lugonu was most pleased with you.
You were hungry.

You visited 1 branch of the dungeon, and saw 5 of its levels.
You visited the Abyss 1 time.

You collected 255 gold pieces.

Inventory:

Hand Weapons
 a - a +1 falchion (weapon)
Missiles
 n - 9 poisoned darts (quivered)
 q - 128 stones
Armour
 e - a +0 ring mail (worn)
 f - a +0 pair of gloves (worn)
 j - a +1 pair of boots (worn)
Jewellery
 i - a ring of flight (left hand)
Wands
 x - a wand of digging (3)
Scrolls
 g - a scroll of amnesia
 k - 2 scrolls of magic mapping
 l - 3 scrolls of remove curse
 m - 3 scrolls of enchant armour {unknown}
 s - a scroll of enchant weapon
Potions
 d - 2 potions of curing
 h - a potion of haste
 o - a potion of might
 p - 2 potions of flight
 r - a potion of ambrosia
 u - 2 potions of resistance {unknown}
 v - a potion of stabbing {unknown}
 w - a potion of mutation {unknown}
Comestibles
 c - 10 rations


   Skills:
 + Level 4.5 Fighting
 + Level 3.3 Long Blades
 + Level 3.4 Armour
 + Level 3.1 Dodging
 + Level 4.9 Invocations


You had 6 spell levels left.
You didn't know any spells.
Your spell library was empty.

Dungeon Overview and Level Annotations

Branches:
Dungeon (5/15)             Temple (0/1) D:4

Altars:
Dithmenos
Elyvilon
Hepliaklqana
Nemelex Xobeh
Vehumet
Wu Jian
Yredelemnul
The Shining One

Annotations:
D:5 Pikel


Innate Abilities, Weirdness & Mutations

You have large cloven feet.
You have a pair of small horns on your head.
A weak demonic guardian rushes to your aid.
You are immune to rotting.


Message History

Your iron imp dies!
There is a stone staircase leading up here.
You climb upwards.
There is a stone staircase leading down here.
You start resting.
You are no longer corroded.
You start resting.
You are feeling hungry.
You start resting.
HP restored.
You climb downwards.
Level annotation: Pikel
There is a stone staircase leading up here.
You closely miss Pikel. You headbutt Pikel, but do no damage.
Pikel zaps a wand.
The bolt of acid hits you!
You are splashed with acid!
Your shadow imp closely misses Pikel.
You closely miss Pikel.
Pikel zaps a wand.
The bolt of acid hits you!!
* * * LOW HITPOINT WARNING * * *
You are splashed with acid!
You die...

###....#########
#p#
...............#
#K#
###....#######.#
#.# ..#.#.##
####.###.#
....#.#
#.).[..#.#######
#.###.#
#.##.#.#p.......
#.# #.#
#.##.5..........
#.# #.#
#.####K#########
#.# #.# #.# #@#
#.# #.# #.# #.#
#.###.#####.#
#.#
#...........#
#.#
.....<#######
#.# ####### #.#
#.. ###


You could see Pikel, a slave and a friendly shadow imp.

Vanquished Creatures
  A slave (D:5)
  A howler monkey (D:4)
  A crimson imp (D:5)
  3 orc priests
  5 orc wizards
  A centaur skeleton (D:4)
  Jessica (D:3)
  A worker ant (D:4)
  Robin (D:2)
  5 adders
  A shadow imp (D:5)
  An ooze (D:4)
  4 worms
  4 dart slugs
  10 orcs
  A ball python (D:1)
  9 bats
  3 giant cockroaches
  14 goblins
  6 hobgoblins
  2 jackals (D:4)
  2 quokkas
  5 frilled lizards
  7 kobolds
  6 rats
95 creatures vanquished.

Vanquished Creatures (collateral kills)
  3 orcs (D:3)
  A hobgoblin (D:3)
  3 goblins
7 creatures vanquished.

Grand Total: 102 creatures vanquished

Notes
Turn   | Place    | Note
-------+----------+-------------------------------------------
     0 | Abyss:1  | Emblim88 the Demonspawn Abyssal Knight began the quest for
                  | the Orb.
     0 | Abyss:1  | Reached XP level 1. HP: 18/18 MP: 2/2
    30 | Abyss:1  | Noticed a raiju
    31 | D:1      | Escaped the Abyss
    43 | D:1      | Reached skill level 1 in Dodging
   169 | D:1      | Reached * piety under Lugonu
   175 | D:1      | Gained mutation: A weak demonic guardian rushes to your
                  | aid. [demonic ancestry]
   175 | D:1      | Reached XP level 2. HP: 14/24 MP: 4/4
  1013 | D:2      | Reached XP level 3. HP: 24/29 MP: 5/5
  1056 | D:2      | Noticed Robin
  1188 | D:1      | HP: 1/29 [goblin/+0 club[Robin] (4)]
  1881 | D:2      | Killed Robin
  2006 | D:2      | Found a sparkling altar of Nemelex Xobeh.
  2007 | D:2      | Found a glowing golden altar of the Shining One.
  2008 | D:2      | Found an ornate altar of the Wu Jian Council.
  2025 | D:2      | Gained mutation: You have large cloven feet. [demonic
                  | ancestry]
  2025 | D:2      | Reached XP level 4. HP: 28/35 MP: 6/6
  2898 | D:3      | Reached ** piety under Lugonu
  2948 | D:3      | Gained mutation: You have a pair of small horns on your
                  | head. [demonic ancestry]
  2948 | D:3      | Reached XP level 5. HP: 15/42 MP: 7/7
  2987 | D:3      | Found a shadowy altar of Dithmenos.
  3556 | D:3      | Gained mutation: You are immune to rotting. [demonic
                  | ancestry]
  3556 | D:3      | Reached XP level 6. HP: 35/48 MP: 9/9
  3807 | D:3      | Noticed Jessica
  3812 | D:3      | Killed Jessica
  4224 | D:4      | Found a staircase to the Ecumenical Temple.
  4456 | D:4      | Found a hazy altar of Hepliaklqana.
  4476 | D:4      | Found a basalt altar of Yredelemnul.
  4631 | D:4      | Found a white marble altar of Elyvilon.
  4665 | D:5      | Entered Level 5 of the Dungeon
  4747 | D:5      | Reached *** piety under Lugonu
  4747 | D:5      | Reached XP level 7. HP: 55/55 MP: 10/10
  4894 | D:5      | Found a radiant altar of Vehumet.
  4896 | D:5      | Noticed Pikel
  4932 | D:5      | HP: 1/55 [Pikel/+1 whip of electrocution (6)]
  5231 | D:5      | Splashed by Pikel's acid

Levels and vault maps discovered:
D:1:      ebering_trefoil_3fold, layout_rooms
D:2:      layout_basic, chequers_temple_overflow_statue_of_worship,
          first_ration, uniq_robin
D:3:      layout_loops_cross, grunt_dithmenos_smoke, uniq_jessica
D:4:      layout_rooms, kennysheep_little_box, nicolae_overflow_crystal_walls,
          yredelemnul_altar_generic, minmay_temple_entry_proselytizer
D:5:      layout_loops_ring, vehumet_altar_wand_db, basic_altar,
          kennysheep_small_spiral, uniq_eustachio, uniq_blork_the_orc,
          uniq_pikel

Skill      XL: |  1  2  3  4  5  6 |
---------------+-------------------+-----
Dodging        | 1 2 3 |  3.1
Long Blades    | 2 3 |  3.3
Armour         | 2 3 |  3.4
Invocations    | 3 4 |  4.9
Fighting       | 4 |  4.5

Action                   |  1- 3 |  4- 6 |  7- 9 || total
-------------------------+-------+-------+-------++-------
Melee: Falchion          |   110 |   228 |    18 ||   356
       Headbutt          |       |    26 |     7 ||    33
Invok: Depart the Abyss  |     1 |       |       ||     1
Evoke: Wand              |       |       |     3 ||     3
  Use: Potion            |       |     4 |       ||     4
       Scroll            |       |     6 |       ||     6
  Eat: Chunk             |     1 |     8 |     1 ||    10
       Ration            |     1 |       |       ||     1
Armor: Leather armour    |     6 |       |       ||     6
       Ring mail         |    55 |    88 |     4 ||   147
Dodge: Dodged            |    66 |   137 |    11 ||   214
       Rpst.: Falchion   |    27 |    45 |     2 ||    74

Table legend:
 A = Non-vault XP
 B = Vault XP
 C = Vault XP percentage of total XP
 D = Non-vault monster count
 E = Vault monster count
 F = Vault count percentage of total count
                 A         B        C        D         E       F
            +---------+---------+-------+---------+---------+-------
      Total |     674 |     115 |  14.6 |      86 |      15 |  14.9
            +---------+---------+-------+---------+---------+-------
        D:1 |      31 |      16 |  34.0 |      17 |       8 |  32.0
        D:2 |      40 |      20 |  33.3 |      11 |       4 |  26.7
        D:3 |     332 |      37 |  10.0 |      41 |       1 |   2.4
        D:4 |     166 |      41 |  19.8 |      10 |       1 |   9.1
        D:5 |     105 |       1 |   0.9 |       7 |       1 |  12.5
            +---------+---------+-------+---------+---------+-------
